kahg, chaotic male human Wizard ---------------- ..)[....*[.PR.P| #|.)[).....RP[RR| R|R.)...[).R.)PR| #R@R[@[[[.)...))[- #R---------------- #### # # ### # # # ---.-# |....## |...| # |<..+ ----- kahg the Thaumaturge Experience level: 9 Strength: 13 Dexterity: 15 Constitution: 18 Intelligence: 12 Wisdom: 11 Charisma: 9 Health: 0(77) Energy: 18(83) AC: 6 Gold: 1792 Moves: 8312 Your Inventory: Coins $ - 1792 gold pieces Weapons a - a blessed +0 quarterstaff (weapon in hands) Armor b - an uncursed +0 cloak of magic resistance (being worn) o - an [uncursed] +0 iron skull cap [orcish helm] Y - an [uncursed] +0 leather armor (being worn) Z - an [uncursed] rotted +0 pair of speed boots (being worn) Comestibles O - an [uncursed] food ration R - an [uncursed] slime mold S - an [uncursed] partly eaten pancake Scrolls B - an [uncursed] scroll labeled LOREN IPSUM [of punishment] E - an [uncursed] scroll labeled READ ME [of food detection] I - a cursed scroll of destroy armor J - 2 cursed scrolls of enchant armor K - 2 cursed scrolls of enchant weapon P - 2 [blessed] scrolls labeled ABRA KA DABRA [of earth] Spellbooks l - a blessed spellbook of force bolt m - an uncursed spellbook of detect food M - a cursed spellbook of cure sickness N - a cursed spellbook of force bolt Potions f - an uncursed potion of sickness g - an uncursed potion of monster detection r - an uncursed potion of water x - a blessed white potion [of blindness] D - an [uncursed] dark green potion [of see invisible] F - a [blessed] silver potion [of levitation] Rings d - an uncursed +1 ring of protection (on right hand) e - an uncursed ring of fire resistance (on left hand) z - an uncursed amber ring [of teleport control] H - an [uncursed] wire ring [of see invisible] Wands c - an uncursed wand of striking (0:6) w - an [uncursed] platinum wand [of polymorph (0:8)] Q - a [cursed] uranium wand [of make invisible (0:8)] Tools j - an [uncursed] bag of tricks [0:17] n - an uncursed magic marker (0:37) p - 3 uncursed [tallow] candles q - 13 uncursed [wax] candles u - an uncursed blindfold y - an uncursed bag [of holding] A - an uncursed lock pick Spells known in the end: Name Level Category Fail Memory a - force bolt 1 attack 0% [|||||...] b - detect food 2 divination 18% [|||||...] Your skills at the end: Fighting Skills Weapon Skills quarterstaff [Basic / Expert] Spellcasting Skills attack spells [Skilled / Expert] enchantment spells [Basic / Skilled] Final Attributes: You were piously aligned. Hunger level was 821. Your alignment was 50 / 51. Monster difficulty range was 1 - 9. Level difficulty was 10. You were immune to fire. You resisted cold. You were magic-protected. You were protected. You were very fast. Your luck was zero. You are dead. Vanquished creatures: a ghost a giant mimic 2 small mimics a rodent of unusual size a gelatinous cube a wraith a giant beetle a cockatrice a winter wolf cub 3 leprechauns a giant spider a horse a vampire bat 2 gnome kings 7 brown puddings a rust monster a yeti a gold golem a dog a housecat a dwarf lord 3 human zombies a fire ant 4 Mordor orcs a rock piercer a rock mole 2 yellow lights 6 gnome lords a gnomish wizard a guardian naga hatchling 2 gray oozes an elf zombie a wax golem 4 giant ants a little dog 4 floating eyes a kitten 6 dwarves a kobold shaman 4 hill orcs 3 rothes 3 rabid rats 2 giant bats a monkey a wererat 4 iguanas 3 killer bees an acid blob a gas spore 5 hobbits a hobgoblin 2 giant rats a red mold 23 gnomes 3 gnome zombies 5 geckos a kobold a goblin 4 sewer rats 6 grid bugs 6 lichens 5 newts 158 creatures vanquished. Voluntary challenges: You used a wielded weapon 322 times. You read items or engraved 2065 times. You put on armor 7 times. You never genocided any monsters. You never polymorphed an object. You never changed form. You used no wishes. You wrote Elbereth's name 724 times. You encountered 1 bones level. You used 1 Sokoban shortcut. Dungeon overview: The Dungeons of Doom: levels 1 to 10 Level 1 a fountain a long staircase Level 2 a fountain stairs to The Gnomish Mines Level 3 an altar to Anhur, some fountains Level 4 a potion shop Level 5 an armor shop, a fountain Level 6 a fountain Level 8 many fountains Level 9 a jewelry store stairs to Sokoban Level 10 <- You were here The Gnomish Mines: levels 3 to 6 Level 3 stairs to The Dungeons of Doom Level 5 many shops, a temple, a magic chest, some fountains Sokoban: levels 7 to 8 Level 8 stairs to The Dungeons of Doom History has recorded: On T:1 you entered the Dungeons of Doom to retrieve the Amulet of Yendor! On T:184 you advanced to experience level 2. On T:248 you reached level 2 of The Dungeons of Doom. On T:350 you advanced to experience level 3. On T:439 you reached level 1 of The Gnomish Mines. On T:679 you advanced to experience level 4. On T:704 you advanced to experience level 5. On T:910 you advanced to experience level 6. On T:1447 you reached level 2 of The Gnomish Mines. On T:1577 you advanced to experience level 7. On T:2023 you reached level 3 of The Gnomish Mines. On T:2611 you reached level 4 of The Gnomish Mines. On T:2939 you reached level 3 of The Dungeons of Doom. On T:3211 you advanced to experience level 8. On T:3495 you reached level 4 of The Dungeons of Doom. On T:3807 you reached level 5 of The Dungeons of Doom. On T:4699 you reached level 6 of The Dungeons of Doom. On T:4831 you reached level 7 of The Dungeons of Doom. On T:5227 you reached level 8 of The Dungeons of Doom. On T:6286 you advanced to experience level 9. On T:6958 you reached level 9 of The Dungeons of Doom. On T:7669 you reached level 10 of The Dungeons of Doom. On T:7706 you reached level 3 of Sokoban. On T:7963 you reached level 2 of Sokoban. Latest messages: Your cloak of magic resistance is not affected. The rust monster touches you! Your cloak of magic resistance is not affected. The rust monster touches you! Your cloak of magic resistance is not affected. The rust monster touches you! Your cloak of magic resistance is not affected. The rust monster touches you! Your cloak of magic resistance is not affected. The rust monster touches you! Your cloak of magic resistance is not affected. The rust monster touches you! Your cloak of magic resistance is not affected. The rust monster touches you! Your cloak of magic resistance is not affected. [HP-20=1] You miss the rust monster. [HP+1=2] The spell hits the rust monster! The disenchanter hits! You die... The bag of holding is empty. Final status: Goodbye kahg the Wizard... You died in The Dungeons of Doom on dungeon level 10 with 3135 points, and 1792 pieces of gold, after 8312 moves. You were level 9 with a maximum of 77 hit points when you died.